 Dungeon Crawl Stone Soup version 0.26.0-10-g1f06aea511 (webtiles) character file.

Game seed: 659724493696212272

110 dohliylev the Chopper (level 4, -1/41 HPs)
             Began as a Minotaur Berserker on Jan 25, 2021.
             Was a Believer of Trog.
             Slain by an orc
             ... wielding a +0 short sword of electrocution
              (11 damage)
             ... on level 3 of the Dungeon.
             The game lasted 00:03:53 (1863 turns).

dohliylev the Chopper (Minotaur Berserker)          Turns: 1863, Time: 00:03:53

Health: -1/41      AC:  9    Str: 22    XL:     4   Next: 61%
Magic:  3/3        EV:  8    Int:  4    God:    Trog [**....]
Gold:   138        SH:  0    Dex: 10    Spells: 3/3 levels left

rFire    . . .     SeeInvis .   o - +0 war axe
rCold    . . .     Faith    .   b - +0 buckler
rNeg     . . .     Spirit   .   k - +0 chain mail
rPois    .         Reflect  .   (helmet restricted)
rElec    .         Harm     .   (no cloak)
rCorr    .         Rampage  .   (no gloves)
Will     .....                  (no boots)
Stlth    ..........             (no amulet)
HPRegen  0.13/turn              i - ring of attention (curse)
MPRegen  0.08/turn              (no ring)

@: confused, berserk cooldown, slowed, very slow
A: retaliatory headbutt, horns 2
a: Renounce Religion, Berserk, Trog's Hand


You were on level 3 of the Dungeon.
You worshipped Trog.
Trog was pleased with you.
You visited 1 branch of the dungeon, and saw 3 of its levels.

You collected 138 gold pieces.

Inventory:

Hand Weapons
 o - a +0 war axe (weapon)
Armour
 b - a +0 buckler (worn)
 k - a +0 chain mail (worn)
Jewellery
 i - a cursed ring of attention (left hand)
Scrolls
 c - 4 scrolls of magic mapping {unknown}
 d - 4 scrolls of identify {unknown}
 l - a scroll of remove curse {unknown}
 m - a scroll of immolation {unknown}
Potions
 e - 2 potions of might {unknown}
 f - a potion of magic {unknown}
 g - a potion of haste {unknown}
 h - 2 potions of brilliance {unknown}
 j - a potion of heal wounds {unknown}
 n - a potion of curing {unknown}


   Skills:
 + Level 4.6 Fighting
 + Level 5.1 Axes
 + Level 3.0 Armour
 + Level 2.8 Dodging


You had 3 spell levels left.
You didn't know any spells.
Your spell library was empty.

Dungeon Overview and Level Annotations

Branches:
Dungeon (3/15)

Altars:
Ashenzari
Gozag
Kikubaaqudgha
Nemelex Xobeh
Okawaru
Qazlal
Sif Muna
Uskayaw
Wu Jian
The Shining One


Innate Abilities, Weirdness & Mutations

You reflexively headbutt those who attack you in melee.
You have a pair of horns on your head.


Message History

You hear some strange, mumbled words.
You are confused.
The orc hits you but does no damage.
You're too confused to move!
The orc hits you with a +0 short sword of electrocution.
Something hits you but does no damage. The orc hits you but does no damage.
You closely miss the orc. Your headbutt misses the orc. You slash the orc!
You barely miss something. The orc hits you but does no damage.
You are electrocuted!!
Something hits you.
* * * LOW HITPOINT WARNING * * *
The orc hits you with a +0 dagger.
* * * LOW HITPOINT WARNING * * *
You're too confused to move!
You feel a strong urge to attack something.
You are no longer berserk.
You are exhausted.
You feel yourself slow down. The orc hits you but does no damage.
You're too confused to move!
The orc hits you but does no damage. x2
You are electrocuted!
You die...

#.# ##...#####.#
#.# ##.## #.###
#.# ###.#.#####
#......$.
#.........#
#+#######
#.#.....#.# #...##
#.##...##.#
##.....## #
##..##.###.......#
##...#.##@o>......
#.......'.o)......
##...#.##.).......
##..#.###.......#
......# ##.....##
####.### #...##
#.# #+## #.# #.


You could see 2 orcs.

Vanquished Creatures
  An iguana (D:3)
  2 adders
  2 oozes (D:2)
  2 worms (D:2)
  A dart slug (D:2)
  2 leopard geckos
  2 orcs (D:3)
  3 bats
  A giant cockroach (D:3)
  7 goblins
  A hobgoblin (D:2)
  8 jackals
  4 kobolds
  2 frilled lizards
  7 rats
45 creatures vanquished.

Notes
Turn   | Place    | Note
-------+----------+-------------------------------------------
     0 | D:1      | dohliylev the Minotaur Berserker began the quest for the
                  | Orb.
     0 | D:1      | Reached XP level 1. HP: 19/19 MP: 0/0
   143 | D:1      | Reached XP level 2. HP: 15/27 MP: 1/1
   149 | D:1      | Reached skill level 4 in Axes
   616 | D:2      | Reached XP level 3. HP: 33/33 MP: 2/2
   837 | D:2      | Reached ** piety under Trog
   934 | D:2      | Found a broken altar of Ashenzari.
  1001 | D:2      | Found a faded altar of an unknown god.
  1114 | D:2      | Found an opulent altar of Gozag.
  1116 | D:2      | Found a sparkling altar of Nemelex Xobeh.
  1117 | D:2      | Found an ornate altar of the Wu Jian Council.
  1346 | D:2      | Found a stormy altar of Qazlal.
  1354 | D:2      | Reached XP level 4. HP: 41/41 MP: 3/3
  1389 | D:3      | Found a hide-covered altar of Uskayaw.
  1431 | D:3      | Reached skill level 5 in Axes
  1731 | D:3      | Found an iron altar of Okawaru.
  1731 | D:3      | Found a shimmering blue altar of Sif Muna.
  1731 | D:3      | Found a glowing golden altar of the Shining One.
  1731 | D:3      | Found an ancient bone altar of Kikubaaqudgha.
  1863 | D:3      | Slain by an orc

Illustrated notes

Levels and vault maps discovered:
D:1:      amcnicky_arrival_wind_blow, layout_basic
D:2:      layout_loops_cross, grunt_temple_overflow_open,
          ashenzari_conservatory_becter, nicolae_qazlal_general_emergency,
          chequers_ecumenical_altar_simple, minmay_cut_off
D:3:      layout_loops_corners, grunt_temple_overflow_lords_of_destruction,
          chequers_temple_overflow_statue_of_worship,
          eat_drink_and_be_merry_uskayaw, okawaru_ov_weapons_minmay

Skill      XL: |  1  2  3  4 |
---------------+-------------+-----
Fighting       | 4 |  4.6
Axes           | 4 5 |  5.1
Armour         | 3 |  3.0
Dodging        | |  2.8

Action                   |  1- 3 |  4- 6 || total
-------------------------+-------+-------++-------
Melee: Hand axe          |    75 |     1 ||    76
       Headbutt          |    11 |     3 ||    14
       War axe           |       |    16 ||    16
Invok: Berserk           |     2 |     1 ||     3
Armor: Animal skin       |     5 |       ||     5
       Ring mail         |    25 |       ||    25
       Chain mail        |     7 |    18 ||    25
Dodge: Dodged            |    59 |     3 ||    62
Block: Buckler           |     5 |     2 ||     7
